 Dungeon Crawl Stone Soup version 0.17-a0-2220-g6fea741 (webtiles) character file.

128 Duffy the Insei (level 5, -1/26 HPs)
             Began as a Vine Stalker Transmuter on Oct 28, 2015.
             Slain by an orc
             ... wielding a +0 flail
              (7 damage)
             ... on level 3 of the Dungeon.
             The game lasted 00:03:03 (2127 turns).

Duffy the Insei (Vine Stalker Transmuter)           Turns: 2127, Time: 00:03:04

Health: -1/26      AC:  2    Str: 13    XL:     5   Next: 12%
Magic:  0/10       EV: 12    Int: 14    God:
Gold:   163        SH:  0    Dex: 14    Spells: 1 memorised, 9 levels left

rFire  . . .     SeeInvis .       - Unarmed
rCold  . . .     Clarity  .     b - +0 robe
rNeg   . . .     SustAt   .     (no shield)
rPois  .         Gourm    .     (no helmet)
rElec  .         Spirit   +     (no cloak)
rCorr  .         Warding  .     (no gloves)
rMut   .         Stasis   .     (no boots)
MR     .....                    (no amulet)
Stlth  +.........               (no ring)
                                (no ring)

@: confused, not resistant to hostile enchantments, very unstealthy
A: fangs 2, regeneration 1, magic shield, antimagic bite, no device heal 3, rot
immunity
a: no special abilities


You were on level 3 of the Dungeon.
You were not hungry.

You visited 1 branch of the dungeon, and saw 3 of its levels.

You collected 163 gold pieces.


Innate Abilities, Weirdness & Mutations

You have extremely sharp teeth.
Your natural rate of healing is unusually fast.
When hurt, damage is shared between your health and your magic reserves.
Your bite disrupts and absorbs the magic of your enemies.
Potions and wands cannot restore your health.
You are immune to rotting.


   Skills:
 - Level 2.0 Fighting
 - Level 1.5 Dodging
 * Level 4.7 Unarmed Combat
 - Level 3.0 Spellcasting
 - Level 2.0 Transmutations


You had 9 spell levels left.
You knew the following spells:

 Your Spells              Type           Power        Failure   Level  Hunger
a - Beastly Appendage     Trmt           #.....       12%         1    #......

Inventory:

Missiles
 l - 3 tomahawks (quivered)
 n - 11 poisoned needles
Armour
 b - a +0 robe (worn)
Jewellery
 u - an uncursed ring of teleportation
Wands
 o - a wand of confusion (0)
Scrolls
 a - a scroll of fear {unknown}
 e - a scroll of random uselessness {unknown}
 g - a scroll of immolation {unknown}
 h - a scroll of fog {unknown}
 j - a scroll of teleportation {unknown}
 m - a scroll of remove curse
Potions
 f - a potion of magic {unknown}
 i - 2 potions of flight {unknown}
 p - 3 potions of poison {unknown}
 q - 2 potions of curing {unknown}
 r - a potion of lignification {unknown}
 s - 2 potions of agility {unknown}
Books
 c - a book of Changes
Comestibles
 d - 2 bread rations
 k - 4 fruits

Dungeon Overview and Level Annotations

Branches:
Dungeon (3/15)

Altars:
Zin

Annotations:
D:3 Duffy's ghost, amateur NaVM


Message History

An orc comes into view. It is wielding a flail.
You closely miss Duffy's ghost. Your bite misses Duffy's ghost.
Duffy's ghost is lightly damaged.
The hobgoblin barely misses you. Duffy's ghost hits you.
The orc moves out of view.
You bump into the rock wall.
The hobgoblin closely misses you. Duffy's ghost misses you.
The hobgoblin barely misses you. Duffy's ghost hits you.
You bump into the rock wall.
The hobgoblin hits you.
Duffy's ghost points at you and mumbles some strange words.
The ball explodes into a vile cloud!
The stinking cloud engulfs you!
The stinking cloud engulfs the hobgoblin.
The stinking cloud engulfs Duffy's ghost.
You hear a shout! x2
You're too confused to move!
You are engulfed in noxious fumes.
You choke on the stench!
You are more confused.
The hobgoblin closely misses you. Duffy's ghost casts a spell at you.
The ball explodes into a vile cloud!
The stinking cloud engulfs you!
The stinking cloud engulfs the hobgoblin.
The stinking cloud engulfs Duffy's ghost.
You bump into the rock wall.
You are engulfed in noxious fumes.
You choke on the stench!
You are more confused.
The hobgoblin hits you.
Duffy's ghost gestures at you while chanting.
The ball explodes into a vile cloud!
The stinking cloud engulfs you!
The stinking cloud engulfs the orc.
The stinking cloud engulfs the hobgoblin.
The stinking cloud engulfs Duffy's ghost.
You bump into the rock wall.
You are engulfed in noxious fumes.
The hobgoblin hits you but does no damage.
Duffy's ghost closely misses you. The orc hits you with a flail!
You die...

P.♣≈♣...........##.#.#.#.#
...♣..♣.........##.#.#.#.#
ro............##.#.....#
..............##.###.#
#...........##.#
#..............#
#.........≈≈≈P.#
#...o§#....≈≈..
#...W@#...P≈♣..
#...g§#####..## #.....#
### #.....# #.....#
#.....# #######


You could see Duffy's ghost, 2 orcs, a quokka and a hobgoblin.

Action                   |  1- 3 |  4- 6 || total
-------------------------+-------+-------++-------
Melee: Unarmed           |   126 |    77 ||   203
  Use: Scroll            |       |     4 ||     4
 Stab: Sleeping          |     3 |       ||     3
  Eat: Chunk             |     1 |     3 ||     4

Notes
Turn   | Place    | Note
--------------------------------------------------------------
     0 | D:1      | Duffy the Vine Stalker Transmuter began the quest for the Orb.
     0 | D:1      | Reached XP level 1. HP: 9/9 MP: 4/4
   158 | D:1      | Reached skill level 1 in Fighting
   334 | D:1      | Reached XP level 2. HP: 12/14 MP: 4/6
   985 | D:2      | Reached XP level 3. HP: 9/18 MP: 4/7
  1177 | D:2      | Reached skill level 4 in Unarmed Combat
  1177 | D:2      | Reached XP level 4. HP: 7/23 MP: 4/9
  1275 | D:2      | Noticed Ijyb
  1380 | D:2      | Killed Ijyb
  1380 | D:2      | Reached skill level 3 in Spellcasting
  1574 | D:2      | Found a glowing silver altar of Zin.
  1748 | D:2      | Reached skill level 2 in Fighting
  1767 | D:2      | Reached XP level 5. HP: 24/26 MP: 8/10
  2099 | D:3      | Noticed Duffy's ghost (amateur NaVM)
  2127 | D:3      | Slain by an orc

Vault maps used:
D:1:      minmay_arrival_four_houses
D:2:      zin_scriptorium, st_stairs_4, wad_floor_pattern_untrapped,
          minmay_misc_feat_enclosed, uniq_iyjb
D:3:      serial_bayou, serial_bayou_pond_d, serial_bayou_pond_a,
          serial_bayou_lagoon_b, serial_bayou_pond_a, serial_bayou_pond_b,
          serial_bayou_shore_b, first_bread, kennysheep_path_1, fedhas_altar_3

Vanquished Creatures
  Ijyb
  5 adders
  An ooze
  2 worms
  A giant gecko
  2 bats
  3 giant cockroaches
  5 goblins
  6 hobgoblins
  A ball python
  7 giant newts
  6 kobolds
  11 rats
51 creatures vanquished.
